 Dungeon Crawl Stone Soup version 0.30-a0-390-g80c34de65d (webtiles) character file.

Game seed: 3194424088165929433

102 DeathPants the Sneak (level 4, -4/26 HPs)
             Began as a Vampire Enchanter on Dec 4, 2022.
             Slain by a hobgoblin (5 damage)
             ... led by Robin
             ... on level 2 of the Dungeon.
             The game lasted 00:07:33 (1987 turns).

DeathPants the Sneak (Vampire Enchanter)            Turns: 1987, Time: 00:07:34

Health: -4/26      AC:  2    Str:  7    XL:     4   Next: 50%
Magic:  5/8        EV: 12    Int: 17    God:
Gold:   142        SH:  0    Dex: 16    Spells: 2/8 levels left

rFire   . . .      SeeInvis +    a - +1 dagger
rCold   + + .      Faith    .    (no shield)
rNeg    + + +      Spirit   .    b - +0 robe
rPois   ∞          Reflect  .    (no helmet)
rElec   .          Harm     .    j - scarf {shadows}
rCorr   .          Rampage  .    (no gloves)
Will    .....                    (no boots)
Stlth   +++++.....               (no amulet)
HPRegen 0.00/turn                (no ring)
MPRegen 0.11/turn                (no ring)

@: confusing by touch, bloodless, inhibited regen
A: bloodless, fangs 3, see invisible, vampiric 2
a: Bat Form, Revivify


You were on level 2 of the Dungeon.
You visited 1 branch of the dungeon, and saw 2 of its levels.

You collected 142 gold pieces.

Inventory:

Hand Weapons
 a - a +1 dagger (weapon)
Missiles
 d - 3 boomerangs
 m - 2 poisoned darts (quivered)
Armour
 b - a +0 robe (worn)
 j - a scarf of shadows (worn)
Jewellery
 e - a ring of flight
Scrolls
 g - a scroll of enchant weapon {unknown}
 h - a scroll of teleportation {unknown}
 i - a scroll of identify {unknown}
 l - a scroll of silence {unknown}
Potions
 c - 2 potions of invisibility
 f - 2 potions of curing {unknown}
 k - a potion of heal wounds {unknown}


   Skills:
 + Level 1.6 Fighting
 - Level 1.1 Short Blades
 - Level 2.1 Dodging
 + Level 5.5 Stealth
 + Level 2.8 Spellcasting
 + Level 5.4 Hexes


You had 2 spell levels left.
You knew the following spells:

 Your Spells              Type           Power      Damage    Failure   Level
a - Confusing Touch       Hex            21%        N/A       5%          3
b - Tukima's Dance        Hex            21%        N/A       5%          3

Your spell library contained the following spells:

 Spells                   Type           Power      Damage    Failure   Level
 Ensorcelled Hibernation  Hex/Ice        22%        N/A       9%          2
 Dazzling Flash           Conj/Hex       22%        N/A       17%         3


Dungeon Overview and Level Annotations

Branches:
Dungeon (2/15)

Altars:

Annotations:
D:2 Robin


Innate Abilities, Weirdness & Mutations

You do not regenerate when monsters are visible.
You are frail without blood (-20% HP).
You can heal yourself when you bite living creatures.
You are immune to poison.
You have razor-sharp teeth.
You have supernaturally acute eyesight. (SInv)
You are afflicted with vampirism and can become a bat while bloodless.


Message History

The hobgoblin closely misses you.
The goblin shouts!
You hear a shout!
You hit the hobgoblin.
The hobgoblin is heavily wounded.
The goblin unwields a +0 club.
The goblin wields a +0 sling.
The goblin shoots a sling bullet.
The sling bullet misses you. The hobgoblin hits you.
A hobgoblin comes into view.
The goblin hits you with a +0 dagger. The hobgoblin closely misses you.
The hobgoblin attacks as you move away! The hobgoblin hits you.
Robin throws the goblin at you!
The goblin unwields a +0 sling.
The goblin wields a +0 club.
The goblin barely misses you. The hobgoblin attacks as you move away!
The hobgoblin closely misses you.
Things that are here:
a hobgoblin corpse; a worm corpse Robin roars a battlecry!
The goblins go into a battle-frenzy!
The hobgoblin attacks as you move away! The hobgoblin hits you.
The hobgoblin attacks as you move away! The hobgoblin hits you.
The hobgoblin attacks as you move away! The hobgoblin closely misses you.
You barely miss the hobgoblin.
The hobgoblin is heavily wounded.
The hobgoblin hits you.
You barely miss the hobgoblin.
The hobgoblin is heavily wounded.
The hobgoblin barely misses you.
Casting: Confusing Touch (quite dangerous; 5% risk of failure)
Confirm with . or Enter, or press ? or * to list all spells.
Your hands begin to glow red.
The hobgoblin hits you.
You barely miss the hobgoblin.
The hobgoblin is heavily wounded.
You hit the hobgoblin but do no damage.
The hobgoblin is heavily wounded.
The goblin no longer looks unusually strong.
Robin throws the goblin at you!
* * * LOW HITPOINT WARNING * * *
The goblin hits you with a +0 dagger.
* * * LOW HITPOINT WARNING * * *
The hobgoblin hits you.
You die...

## #.#.#.##.# ##.#
#.#.#.##.##############..####
#.#.#............))†......g.(
#........###############..†.g
###.###### #####g #.# #g. #.#
#.#
#.#######################.#
#........g@gg.g......†.....
#.#########################
###


You could see Robin, a hobgoblin (strong) and 2 goblins.

Vanquished Creatures
  3 adders (D:2)
  A worm (D:2)
  3 dart slugs
  A bat (D:1)
  4 endoplasms
  2 giant cockroaches (D:1)
  10 goblins
  4 hobgoblins
  9 jackals
  3 quokkas
  8 ball pythons
  A frilled lizard (D:1)
  3 kobolds (D:1)
  10 rats (D:1)
62 creatures vanquished.

Notes
Turn   | Place    | Note
-------+----------+-------------------------------------------
     0 | D:1      | DeathPants the Vampire Enchanter began the quest for the
                  | Orb.
     0 | D:1      | Reached XP level 1. HP: 13/13 MP: 3/3
   277 | D:1      | Reached XP level 2. HP: 16/16 MP: 5/5
   623 | D:1      | Reached skill level 1 in Fighting
   660 | D:1      | Gained mutation: You are afflicted with vampirism and can
                  | become a bat while bloodless. [Vampire growth]
   660 | D:1      | Reached XP level 3. HP: 20/20 MP: 6/6
   664 | D:1      | Learned a level 3 spell: Confusing Touch
   668 | D:1      | Learned a level 3 spell: Tukima's Dance
   781 | D:1      | Reached skill level 5 in Hexes
   822 | D:1      | Reached skill level 5 in Stealth
  1759 | D:2      | Reached XP level 4. HP: 22/25 MP: 7/7
  1763 | D:2      | Noticed Robin
  1987 | D:2      | HP: 1/26 [goblin/+0 dagger[Robin] (6)]
  1987 | D:2      | Slain by a hobgoblin

Illustrated notes

Levels and vault maps discovered:
D:1:      nzn_arrival_settlement, layout_loops_corners, minmay_rat_gold_closets
D:2:      layout_basic, minmay_vboxes, uniq_robin

Skill      XL: |  1  2  3 |
---------------+----------+-----
Fighting       | 1 |  1.6
Hexes          | 5 |  5.4
Stealth        | 5 |  5.5
Short Blades   | |  1.1
Dodging        | |  2.1
Spellcasting   | |  2.8

Action                   |  1- 3 |  4- 6 || total
-------------------------+-------+-------++-------
Melee: Dagger            |   115 |    61 ||   176
       Bite              |     9 |     6 ||    15
       Punch             |     1 |       ||     1
Throw: Boomerang         |     2 |       ||     2
       Dart              |       |     2 ||     2
 Cast: Confusing Touch   |     2 |     4 ||     6
 Abil: Exsanguinate      |     1 |       ||     1
  Use: Potion            |     1 |       ||     1
 Stab: Sleeping          |    25 |       ||    25
       Invisible         |     2 |       ||     2
       Distracted        |       |     1 ||     1
Armor: Robe              |    12 |     7 ||    19
Dodge: Dodged            |    74 |    36 ||   110

Table legend: (Time is in decaauts)
 A = Elapsed time spent in this place.
 B = Non-inter-level travel time spent in this place.
 C = Inter-level travel time spent in this place.
 D = Time resting spent in this place.
 E = Time spent auto-exploring this place.
 F = Levels seen in this place.
 G = Mean time per level.
                   A        B        C        D        E       F      G
               +--------+--------+--------+--------+--------+-----+--------+
         Total |   1980 |   1956 |     24 |    190 |   1099 |   2 |  990.0 |
       Dungeon |   1980 |   1956 |     24 |    190 |   1099 |   2 |  990.0 |
               +--------+--------+--------+--------+--------+-----+--------+

Top non-repeatable levels by time:
     D:1: 1268 daAuts
     D:2: 711 daAuts
